 Dungeon Crawl Stone Soup version 0.21-a0-421-gfc1ce30 (webtiles) character file.

270 Dorkslayer the Chopper (level 6, -10/53 HPs)
             Began as a Minotaur Fighter on Nov 4, 2017.
             Killed by divine providence
             ... invoked by an orc priest
              (17 damage)
             ... on level 3 of the Dungeon.
             The game lasted 00:05:48 (1877 turns).

Dorkslayer the Chopper (Minotaur Fighter)           Turns: 1877, Time: 00:05:48

Health: -10/53     AC:  7    Str: 21    XL:     6   Next: 1%
Magic:  5/5        EV:  8    Int:  5    God:
Gold:   125        SH: 10    Dex: 11    Spells: 5/5 levels left

rFire    . . .     SeeInvis .   a - +0 war axe
rCold    . . .     Gourm    .   c - +0 shield
rNeg     . . .     Faith    .   b - +0 scale mail
rPois    .         Spirit   .   (helmet restricted)
rElec    .         Reflect  .   (no cloak)
rCorr    .         Harm     .   (no gloves)
MR       .....                  (no boots)
Stlth    ..........             (no amulet)
HPRegen  0.17/turn              (no ring)
MPRegen  0.09/turn              (no ring)

@: no status effects
A: retaliatory headbutt, horns 2
a: no special abilities


You were on level 3 of the Dungeon.
You were not hungry.

You visited 1 branch of the dungeon, and saw 3 of its levels.

You collected 125 gold pieces.

Inventory:

Hand Weapons
 a - a +0 war axe (weapon)
Armour
 b - a +0 scale mail (worn)
 c - a +0 shield (worn)
Scrolls
 e - 2 scrolls of identify
 i - a scroll of immolation {unknown}
 j - 2 scrolls of fog {unknown}
 m - 2 scrolls of remove curse {unknown}
 o - 2 scrolls of teleportation {unknown}
Potions
 d - a potion of might
 g - a potion of invisibility
 l - a potion of agility
 n - 3 potions of curing
Comestibles
 f - 2 bread rations
 h - 2 royal jellies
 k - a chunk of flesh
 p - a meat ration


   Skills:
 + Level 4.5 Fighting
 + Level 5.0 Axes
 + Level 4.9 Armour
 + Level 1.3 Dodging
 + Level 4.8 Shields


You had 5 spell levels left.
You didn't know any spells.

Dungeon Overview and Level Annotations

Branches:
Dungeon (3/15)

Altars:


Innate Abilities, Weirdness & Mutations

You reflexively headbutt those who attack you in melee.
You have a pair of horns on your head.


Message History

Pain shoots through your body!
You see here a scroll labeled OJIDAE YRYI.
o - 2 scrolls labeled OJIDAE YRYI (gained 1)
An orc wizard comes into view. It is wielding a dagger.
The orc wizard shouts!
The orc priest invokes the aid of Beogh against you.
Beogh smites you!
You hit the orc. Your headbutt misses the orc.
The orc is moderately wounded.
The orc hits you with a mace.
You slash the orc!
You kill the orc!
The orc priest invokes the aid of Beogh against you.
Beogh smites you!
* * * LOW HITPOINT WARNING * * *
You slash the orc priest! You headbutt the orc priest.
The orc priest is severely wounded.
The orc priest mumbles some strange prayers to Beogh against you.
Beogh smites you!
You die...

#..... #.#
#.... ..
#..!.
###########
#.# ...
#..........
.. ...
#.#########
#.##o# #.#
#..#o# #.#
#.#@# #.#
#...######.##
##..#.......#
#%>#.#######
##.#.# ####
#...# ###
#... #####
#<# #.## #.#
#.#. #.# #.#.


You could see an orc priest and an orc wizard.

Vanquished Creatures
  A phantom (D:2)
  2 orc wizards (D:2)
  4 adders (D:2)
  An ooze (D:2)
  A dart slug (D:1)
  A leopard gecko (D:3)
  11 orcs
  9 bats
  5 giant cockroaches
  5 hobgoblins
  9 kobolds
  2 quokkas (D:2)
  A ball python (D:2)
  3 frilled lizards
  8 goblins
  8 rats
71 creatures vanquished.

Notes
Turn   | Place    | Note
-------+----------+-------------------------------------------
     0 | D:1      | Dorkslayer the Minotaur Fighter began the quest for the Orb.
     0 | D:1      | Reached XP level 1. HP: 19/19 MP: 0/0
   234 | D:1      | Reached XP level 2. HP: 27/27 MP: 1/1
   919 | D:1      | Reached XP level 3. HP: 33/33 MP: 2/2
  1103 | D:2      | Noticed a phantom
  1134 | D:2      | Killed a phantom
  1134 | D:2      | Reached skill level 3 in Axes
  1134 | D:2      | Reached XP level 4. HP: 19/40 MP: 3/3
  1149 | D:2      | Reached skill level 4 in Axes
  1149 | D:2      | Reached skill level 1 in Dodging
  1149 | D:2      | Reached XP level 5. HP: 24/47 MP: 4/4
  1675 | D:2      | Reached skill level 5 in Axes
  1675 | D:2      | Reached XP level 6. HP: 35/53 MP: 5/5
  1877 | D:3      | Killed from afar by an orc priest

Vault maps used:
D:1:      tarquinn_simple_flora_water_a
D:2:      kennysheep_generic_room_6
D:3:      minmay_diamond_boxcup, first_bread, chequers_ecumenical_altar_twisty

Skill      XL: |  1  2  3  4  5 |
---------------+----------------+-----
Armour         | 4 |  4.9
Shields        | 4 |  4.8
Fighting       | 4 |  4.5
Axes           | 3 4 5 |  5.0
Dodging        | 1 |  1.3

Action                   |  1- 3 |  4- 6 || total
-------------------------+-------+-------++-------
Melee: War axe           |    68 |    91 ||   159
       Headbutt          |     8 |     9 ||    17
  Use: Scroll            |       |     3 ||     3
  Eat: Chunk             |     1 |     2 ||     3
Armor: Scale mail        |    34 |    31 ||    65
Dodge: Dodged            |    24 |    40 ||    64
Block: Shield            |    45 |    57 ||   102

Table legend:
 A = Spawn XP
 B = Non-spawn XP
 C = Spawn XP percentage of total XP
 D = Spawn monster count
 E = Non-spawn monster count
 F = Spawn count percentage of total count
 G = Total turns spent on level
                    A         B        C        D         E        F      G
               +---------+---------+-------+---------+---------+-------+---------
         Total |       0 |     386 |   0.0 |       0 |      71 |   0.0 |  1877
               +---------+---------+-------+---------+---------+-------+---------
           D:1 |       0 |      42 |   0.0 |       0 |      25 |   0.0 |  1076
           D:2 |       0 |     338 |   0.0 |       0 |      44 |   0.0 |   664
           D:3 |       0 |       6 |   0.0 |       0 |       2 |   0.0 |   137
               +---------+---------+-------+---------+---------+-------+---------
